 Dungeon Crawl Stone Soup version 0.21.1-1-g345015f (webtiles) character file.

102 spiff the Sneak (level 5, 0/28 HPs)
             Began as a Kobold Enchanter on July 6, 2018.
             Slain by Kagorn's ghost (3 damage)
             ... on level 3 of the Dungeon.
             The game lasted 00:06:36 (3507 turns).

spiff the Sneak (Kobold Enchanter)                  Turns: 3507, Time: 00:06:37

Health: 0/28       AC:  5    Str:  7    XL:     5   Next: 6%
Magic:  7/8        EV: 15    Int: 16    God:
Gold:   109        SH:  0    Dex: 15    Spells: 2/8 levels left

rFire    . . .     SeeInvis .   a - +1 dagger
rCold    . . .     Gourm    .   (shield restricted)
rNeg     . . .     Faith    .   b - +0 robe
rPois    .         Spirit   .   i - +1 helmet
rElec    .         Reflect  .   (no cloak)
rCorr    .         Harm     .   j - +0 pair of gloves
MR       .....                  (no boots)
Stlth    +++.......             (no amulet)
HPRegen  0.09/turn              (no ring)
MPRegen  0.11/turn              (no ring)

@: no status effects
A: small, carnivore
a: no special abilities


You were on level 3 of the Dungeon.
You were completely stuffed.

You visited 1 branch of the dungeon, and saw 3 of its levels.

You collected 109 gold pieces.

Inventory:

Hand Weapons
 a - a +1 dagger (weapon)
 o - a +0 blowgun
Missiles
 p - 20 poisoned needles
 r - 11 bolts
Armour
 b - a +0 robe (worn)
 i - a +1 helmet (worn)
 j - a +0 pair of gloves (worn)
Jewellery
 k - an uncursed amulet of rage
Scrolls
 f - 2 scrolls of random uselessness {unknown}
 l - 2 scrolls of identify
 q - a scroll of teleportation {unknown}
Potions
 e - 3 potions of heal wounds
 g - a potion of ambrosia {unknown}
 h - 2 potions of haste {unknown}
 m - a potion of mutation {unknown}
 n - a potion of magic {unknown}
Books
 c - a book of Maledictions

   Spells                             Type                      Level
   a - Corona                         Hexes                        1
   b - Ensorcelled Hibernation        Hexes/Ice                    2
   c - Confuse                        Hexes                        3
   d - Tukima's Dance                 Hexes                        3
   e - Dazzling Spray                 Conjuration/Hexes            3
Comestibles
 d - 5 rations


   Skills:
 - Level 1.3 Short Blades
 - Level 2.4 Dodging
 + Level 6.0 Stealth
 - Level 2.1 Spellcasting
 + Level 4.3 Hexes


You had 2 spell levels left.
You knew the following spells:

 Your Spells              Type           Power        Failure   Level  Hunger
a - Corona                Hex            ###....      3%          1    #......
b - Ensorcelled Hibernat  Hex/Ice        #.....       13%         2    ###....
c - Confuse               Hex            ###.....     11%         3    ###....


Dungeon Overview and Level Annotations

Branches:
Dungeon (3/15)

Altars:

Annotations:
D:3 Kagorn's ghost, amateur TrBe


Innate Abilities, Weirdness & Mutations

You are small and have problems with some larger weapons.
You are carnivorous and can eat meat at any time.


Message History

Kagorn's ghost hits you! Kagorn's ghost burns you.
You hit Kagorn's ghost but do no damage.
Kagorn's ghost is moderately damaged.
You hit Kagorn's ghost but do no damage.
Kagorn's ghost is moderately damaged.
Kagorn's ghost seems less confused.
Kagorn's ghost hits you!
* * * LOW HITPOINT WARNING * * *
Kagorn's ghost burns you.
* * * LOW HITPOINT WARNING * * *
You see here a plate armour.
Kagorn's ghost hits you.
* * * LOW HITPOINT WARNING * * *
Kagorn's ghost burns you.
* * * LOW HITPOINT WARNING * * *
Kagorn's ghost mumbles, "They all look like pillowcases to me..."
Things that are here:
a club; a hobgoblin corpse
There is a stone staircase leading up here.
Kagorn's ghost hits you.
You die...

#########.#.#######
#
#########.#........#
#
.........###..[.....
#
..#######.#..#####.#
# ..# ##.#.....#.# #
..#### #.#####.#.# #
.....# #.# #.#.# #
.....# #^# #.#.# #
..^..# #.# #@#.## #
..#### #.#
##W...####.# # ..#
..# #...#......# #
..# ### #...).#####
# ### #..#.## # #
#..#.# #
##..#.######## # .#
#...#.#....... # #.#
#..##..# ###


You could see Kagorn's ghost.

Vanquished Creatures
  4 adders
  4 worms
  3 dart slugs (D:1)
  A leopard gecko (D:2)
  A ball python (D:2)
  6 goblins
  3 hobgoblins
  4 jackals (D:2)
  9 kobolds
  A quokka (D:3)
  5 bats
  4 frilled lizards
  4 rats
49 creatures vanquished.

Notes
Turn   | Place    | Note
-------+----------+-------------------------------------------
     0 | D:1      | spiff the Kobold Enchanter began the quest for the Orb.
     0 | D:1      | Reached XP level 1. HP: 10/10 MP: 3/3
   574 | D:1      | Reached XP level 2. HP: 10/15 MP: 3/5
   753 | D:1      | Learned a level 2 spell: Ensorcelled Hibernation
   943 | D:1      | Reached XP level 3. HP: 16/19 MP: 1/6
  1408 | D:1      | Reached skill level 5 in Stealth
  1999 | D:2      | Learned a level 3 spell: Confuse
  2013 | D:2      | Reached XP level 4. HP: 24/24 MP: 7/7
  3122 | D:3      | Reached skill level 6 in Stealth
  3122 | D:3      | Reached XP level 5. HP: 26/28 MP: 3/8
  3141 | D:3      | Noticed Kagorn's ghost (amateur TrBe)
  3480 | D:3      | HP: 1/28 [Kagorn's ghost (1)]
  3507 | D:3      | Slain by Kagorn's ghost

Skill      XL: |  1  2  3  4 |
---------------+-------------+-----
Stealth        | 5 6 |  6.0
Hexes          | 4 |  4.3
Short Blades   | |  1.3
Dodging        | |  2.4
Spellcasting   | |  2.1

Action                   |  1- 3 |  4- 6 || total
-------------------------+-------+-------++-------
Melee: Dagger            |    68 |   101 ||   169
 Cast: Corona            |    12 |     3 ||    15
       Ensorcelled Hiber |    12 |    12 ||    24
       Confuse           |       |     4 ||     4
  Use: Scroll            |     2 |       ||     2
       Potion            |       |     1 ||     1
 Stab: Sleeping          |    14 |    10 ||    24
       Confused          |       |     2 ||     2
  Eat: Chunk             |    11 |     8 ||    19
Armor: Robe              |    16 |    22 ||    38
Dodge: Dodged            |    63 |    65 ||   128
